 Dungeon Crawl Stone Soup version 0.31-a0-466-g98c9adc2b6 (webtiles) character file.

Game seed: 15018913640131683239

698 MisterAzrael the Ruffian (level 7, -3/46 HPs)
             Began as an Octopode Shapeshifter on Aug 5, 2023.
             Was an Initiate of Cheibriados.
             Slain by Grinder (4 damage)
             ... while paralysed by Grinder
             ... on level 5 of the Dungeon.
             The game lasted 00:03:42 (4589 turns).

MisterAzrael the Ruffian (Octopode Shapeshifter)    Turns: 4589, Time: 00:03:42

Health: -3/46      AC:  1    Str: 18    XL:     7   Next: 65%
Magic:  7/7        EV:  2    Int: 11    God:    Cheibriados [......]
Gold:   291        SH:  0    Dex: 13    Spells: 6/6 levels left

rFire   . .          .
                       - Unarmed
rCold   . . .        (no shield)
rNeg    . . .        (helmet currently unavailable)
rPois   .            (no amulet)
rElec   .            (no ring)
rCorr   .            (no ring)
SInv    .            (no ring)
Will    .....        (no ring)
Stlth   ++           (no ring)
HPRegen 0.27/turn    (no ring)
MPRegen 0.10/turn    (no ring)
                     (no ring)

%: no passive effects
@: paralysed, beast-form, very slow
A: beast (slay +3), almost no armour, amphibious, 8 rings, camouflage 1,
gelatinous body 1, (nimble swimmer 1), tentacles
a: Begin Untransformation, Renounce Religion


You were on level 5 of the Dungeon.
You worshipped Cheibriados.
Cheibriados was noncommittal.
You were a hulking beast.
You visited 2 branches of the dungeon, and saw 6 of its levels.

You collected 291 gold pieces.

Inventory:

Talismans
 b - a beast talisman (active)
Scrolls
 c - a scroll of teleportation {unknown}
 d - 2 scrolls of fear {unknown}
 f - 2 scrolls of vulnerability {unknown}
 g - 4 scrolls of identify {unknown}
 h - 4 scrolls of immolation
 i - 2 scrolls of amnesia {unknown}
 j - 4 scrolls of brand weapon {unknown}
 l - a scroll of blinking {unknown}
 m - a scroll of poison {unknown}
 n - a scroll of enchant armour {unknown}
 o - a scroll of revelation {unknown}
Potions
 a - a potion of ambrosia {unknown}
 e - 3 potions of curing
 k - a potion of brilliance {unknown}
 p - a potion of cancellation {unknown}


   Skills:
 + Level 3.4 Fighting
 + Level 3.8 Dodging
 * Level 5.5 Unarmed Combat
 * Level 4.8 Shapeshifting


You had 6 spell levels left.
You didn't know any spells.
Your spell library was empty.

Dungeon Overview and Level Annotations

Branches:
Dungeon (5/15)             Temple (1/1) D:5

Altars:
Ashenzari
Cheibriados
Dithmenos
Elyvilon
Fedhas
Hepliaklqana
Makhleb
Nemelex Xobeh
Qazlal
Ru
Sif Muna
Trog
Uskayaw
Vehumet
Wu Jian
Xom
Yredelemnul
Zin
The Shining One

Annotations:
D:5 3 runed translucent doors, Grinder; LustLizard's ghost, amateur OpSh; Twinkles's ghost, novice DsSh


Innate Abilities, Weirdness & Mutations

You are a hulking beast.
Your limbs bulge with bestial killing power. (Slay +3)
You cannot wear most types of armour.
You are amphibious.
You can wear up to eight rings at the same time.
Your skin changes colour to match your surroundings (Stealth+).
Your rubbery body absorbs attacks. (AC +1, EV +1)
((You are camouflaged when in or above water. (Stealth+)))
You have tentacles for arms and can constrict up to eight enemies at once.


Message History

The worm is heavily wounded.
You constrict the worm. The worm bites you.
You tentacle-slap the worm. x2
You kill the worm!
No target in view!
p - a red potion You now have 291 gold pieces (gained 5).
Grinder comes into view.
Grinder shouts!
Grinder gestures at you.
You suddenly lose the ability to move!
You can move again.
Okay, then.
You completely miss Grinder. You grab Grinder. You squeeze Grinder.
Grinder is lightly wounded.
You constrict Grinder. Grinder hits you.
You writhe in agony.
You tentacle-slap Grinder. You squeeze Grinder.
Grinder is moderately wounded.
You constrict Grinder. Grinder hits you!
You writhe in agony.
You tentacle-slap Grinder.
Grinder is heavily wounded.
You constrict Grinder. Grinder hits you!
You writhe in agony.
You bludgeon Grinder!
Grinder is severely wounded.
You constrict Grinder. You completely miss Grinder. You squeeze Grinder.
Grinder is almost dead.
You constrict Grinder. Grinder gestures at you.
You suddenly lose the ability to move!
You lose your grip on Grinder.
Grinder hits you.
* * * LOW HITPOINT WARNING * * *
Grinder hits you.
* * * LOW HITPOINT WARNING * * *
Grinder gestures at you. You resist with significant effort. Grinder hits you.
* * * LOW HITPOINT WARNING * * *
You writhe in agony.
You die...

### ..# #.# #.# #.# #.#
####.# ###
########....######....#
#>.............h5.:...+
#.#####.....######....#
#.....#..[..# ..#
#.###.#.....# # #..#
#.....# #..# #.....#
#..# ####### #..# #..#


You could see Grinder.

Vanquished Creatures
  A steam dragon (D:5)
  A black bear (D:5)
  A scorpion (D:4)
  A gnoll bouda (D:5)
  3 hounds
  A jelly (D:4)
  2 sleepcaps (D:5)
  An iguana (D:5)
  An orc wizard (D:5)
  5 gnolls
  4 adders
  A worm (D:5)
  4 dart slugs
  12 orcs
  6 ball pythons
  7 endoplasms
  6 giant cockroaches
  4 hobgoblins
  6 quokkas
  4 bats
  3 frilled lizards
  6 goblins
  7 kobolds
  6 rats
93 creatures vanquished.

Notes
Turn   | Place    | Note
-------+----------+-------------------------------------------
     0 | D:1      | MisterAzrael the Octopode Shapeshifter began the quest for
                  | the Orb.
     0 | D:1      | Reached XP level 1. HP: 13/13 MP: 1/1
   188 | D:1      | Reached XP level 2. HP: 18/18 MP: 2/2
   317 | D:1      | Reached XP level 3. HP: 20/23 MP: 3/3
  1355 | D:2      | Found a faded altar of an unknown god.
  1467 | D:2      | Reached XP level 4. HP: 16/29 MP: 4/4
  2628 | D:4      | Found a broken altar of Ashenzari.
  2641 | D:4      | Reached skill level 4 in Unarmed Combat
  2641 | D:4      | Reached XP level 5. HP: 20/35 MP: 5/5
  2807 | D:4      | Found a hazy altar of Hepliaklqana.
  2898 | D:4      | Reached XP level 6. HP: 15/41 MP: 6/6
  3395 | D:4      | Found a glowing golden altar of the Shining One.
  3395 | D:4      | Found a glowing silver altar of Zin.
  3397 | D:4      | Found a white marble altar of Elyvilon.
  3463 | D:5      | Entered Level 5 of the Dungeon
  3463 | D:5      | Noticed a steam dragon
  3470 | D:5      | Killed a steam dragon
  3667 | D:5      | Reached XP level 7. HP: 42/46 MP: 7/7
  3668 | D:5      | Reached skill level 5 in Unarmed Combat
  3876 | D:5      | Found a staircase to the Ecumenical Temple.
  3935 | Temple   | Entered the Ecumenical Temple
  4051 | Temple   | Became a worshipper of Cheibriados the Contemplative
  4437 | D:5      | Found a runed translucent gate.
  4437 | D:5      | Found a runed translucent gate.
  4441 | D:5      | Found a runed translucent gate.
  4442 | D:5      | Noticed LustLizard's ghost (amateur OpSh)
  4442 | D:5      | Noticed Twinkles's ghost (novice DsSh)
  4576 | D:5      | Noticed Grinder
  4578 | D:5      | Paralysed by Grinder for 2 turns
  4585 | D:5      | Paralysed by Grinder for 5 turns
  4589 | D:5      | HP: 1/46 [Grinder (4)]
  4589 | D:5      | Slain by Grinder

Illustrated notes

Levels and vault maps discovered:
D:1:      sevenhm_arrival_forest_fort_large_2, layout_basic, serial_forest,
          infiniplex_forest_lined_room_, infiniplex_forest_lined_corner,
          infiniplex_forest_lined_3, infiniplex_forest_end_1
D:2:      layout_loops_cross, hellmonk_ecumenical_altar_blasted
D:3:      layout_basic
D:4:      layout_rooms, dreamdust_divine_triumvirate, marbit_many_paths,
          nicolae_ashenzari_skybound, hangedman_decor_lopped, minmay_door_square
D:5:      layout_basic, amethyst_overflow_temple_binary,
          minmay_temple_entry_enclosed_plants, gammafunk_ghost_cemetery,
          hangedman_minor_gate_pass, uniq_grinder, uniq_prince_ribbit1,
          uniq_blork_the_orc
Temple:   nicolae_temple_great_sept

Skill      XL: |  1  2  3  4  5  6  7 |
---------------+----------------------+-----
Fighting       | 2 3 |  3.4
Unarmed Combat | 4 5 |  5.5
Dodging        | 3 |  3.8
Shapeshifting  | 4 |  4.8

Action                     |  1- 3 |  4- 6 |  7- 9 || total
---------------------------+-------+-------+-------++-------
  Melee: Unarmed           |    63 |    91 |    39 ||   193
         Tentacles         |    11 |    11 |    12 ||    34
         Constrict         |    21 |    21 |    12 ||    54
         Punch             |     1 |     5 |     4 ||    10
    Use: Potion            |       |     1 |     4 ||     5
   Stab: Sleeping          |    11 |     9 |       ||    20
 Armour: Skin              |     4 |     8 |    17 ||    29
  Dodge: Dodged            |    36 |    38 |    40 ||   114

Table legend: (Time is in decaauts)
 A = Elapsed time spent in this place.
 B = Non-inter-level travel time spent in this place.
 C = Inter-level travel time spent in this place.
 D = Time resting spent in this place.
 E = Time spent auto-exploring this place.
 F = Levels seen in this place.
 G = Mean time per level.
                   A        B        C        D        E       F      G
               +--------+--------+--------+--------+--------+-----+--------+
         Total |   4640 |   4500 |    140 |    725 |   3139 |   6 |  773.3 |
       Dungeon |   4499 |   4359 |    140 |    624 |   3139 |   5 |  899.8 |
        Temple |    140 |    140 |      0 |    101 |      0 |   1 |  140.0 |
               +--------+--------+--------+--------+--------+-----+--------+

Top non-repeatable levels by time:
     D:1: 1206 daAuts
     D:5: 1045 daAuts
     D:4: 887 daAuts
     D:3: 747 daAuts
     D:2: 612 daAuts
  Temple: 140 daAuts
